 Dungeon Crawl Stone Soup version 0.29-a0-297-g7659ce593d (console) character file.

Game seed: 12520019852096660493

9 Ignak the Skirmisher (level 2, -2/29 HPs)
             Began as an Ogre Warper on Mar 21, 2022.
             Frozen to death by an endoplasm (3 damage)
             ... on level 1 of the Dungeon.
             The game lasted 00:01:22 (189 turns).

Ignak the Skirmisher (Ogre Warper)                   Turns: 189, Time: 00:01:23

Health: -2/29      AC:  3    Str: 14    XL:     2   Next: 12%
Magic:  5/5        EV:  9    Int: 14    God:
Gold:   0          SH:  0    Dex:  8    Spells: 6/6 levels left

rFire   . . .      SeeInvis .   a - +0 mace
rCold   . . .      Faith    .   (no shield)
rNeg    . . .      Spirit   .   b - +0 robe
rPois   .          Reflect  .   (helmet restricted)
rElec   .          Harm     .   (no cloak)
rCorr   .          Rampage  .   (gloves unavailable)
Will    .....                   (boots unavailable)
Stlth   +.........              (no amulet)
HPRegen 0.09/turn               (no ring)
MPRegen 0.09/turn               (no ring)

@: no status effects
A: large, unfitting armour, tough skin 1
a: no special abilities


You were on level 1 of the Dungeon.
You visited 1 branch of the dungeon, and saw 1 of its levels.

Inventory:

Hand Weapons
 a - a +0 mace (weapon)
Missiles
 d - 6 boomerangs of dispersal (quivered)
Armour
 b - a +0 robe (worn)
Scrolls
 c - a scroll of blinking
 e - a scroll of silence {unknown}


   Skills:
 + Level 2.8 Fighting
 * Level 2.1 Maces & Flails
 - Level 1.0 Throwing
 + Level 2.2 Dodging
 + Level 2.5 Spellcasting
 + Level 2.7 Translocations


You had 6 spell levels left.
You didn't know any spells.
Your spell library contained the following spells:

 Spells                   Type           Power      Damage    Failure   Level
 Blink                    Tloc           18%        N/A       11%         2
 Gell's Gravitas          Tloc           9%         N/A       22%         3
 Lesser Beckoning         Tloc           9%         N/A       22%         3
 Teleport Other           Tloc           9%         N/A       22%         3
 Manifold Assault         Tloc           9%         N/A       89%         5


Dungeon Overview and Level Annotations

Branches:
Dungeon (1/15)

Altars:


Innate Abilities, Weirdness & Mutations

You are too large for most types of armour.
You have tough skin. (AC +1)


Message History

The kobold barely misses you. x2
You sock the kobold!
You kill the kobold!
The bat barely misses you. The bat hits you but does no damage.
You hit the bat.
You kill the bat!
You hit the endoplasm but do no damage.
The endoplasm hits you but does no damage.
You hit the endoplasm.
The endoplasm is lightly wounded.
The endoplasm hits you but does no damage.
The endoplasm hits you.
* * * LOW HITPOINT WARNING * * *
You barely miss the endoplasm.
The endoplasm is lightly wounded.
The endoplasm freezes you.
You are frozen.
* * * LOW HITPOINT WARNING * * *
You hit the endoplasm.
The endoplasm is almost dead.
The quokka twitches its whiskers.
The endoplasm freezes you.
You are frozen.
* * * LOW HITPOINT WARNING * * *
You barely miss the endoplasm.
The endoplasm is almost dead.
The endoplasm hits you but does no damage.
The endoplasm closely misses you.
You hit the endoplasm but do no damage.
The endoplasm is almost dead.
The endoplasm hits you but does no damage.
Throw: 7 boomerangs (disperse)
Press: ? - help, Q - select action Shift-Dir - straight line, f - endoplasm
Aim: an endoplasm (almost dead, 84% to hit)
You throw a boomerang of dispersal.
The boomerang of dispersal hits the endoplasm but does no damage.
The endoplasm is almost dead.
The endoplasm freezes you.
You are frozen.
You die...

..... .# ##...##.#
.......### ####$.......#
......K... #..#..!
b.###..#.#############.#
.........brJ@..........#
#.####.#.#########.#####
#.#.# #.## #.#.# #..#
#B#.# ##.# #.#.# #.#
#.#.# #.# #.#.# #.# #'#
######


You could see an endoplasm, a quokka and a bat.

Vanquished Creatures
  An endoplasm (D:1)
  A giant cockroach (D:1)
  2 kobolds (D:1)
  2 bats (D:1)
  A frilled lizard (D:1)
  A goblin (D:1)
  2 rats (D:1)
10 creatures vanquished.

Notes
Turn   | Place    | Note
-------+----------+-------------------------------------------
     0 | D:1      | Ignak the Ogre Warper began the quest for the Orb.
     0 | D:1      | Reached XP level 1. HP: 22/22 MP: 3/3
   170 | D:1      | Reached XP level 2. HP: 13/29 MP: 3/5
   186 | D:1      | HP: 1/29 [frozen (2)]
   189 | D:1      | Frozen to death by an endoplasm

Illustrated notes

Levels and vault maps discovered:
D:1:      roderic_lyre, layout_basic

Skill      XL: |  1 |
---------------+----+-----
Maces & Flails | 2 |  2.1
Fighting       | |  2.8
Throwing       | |  1.0
Dodging        | |  2.2
Spellcasting   | |  2.5
Translocations | |  2.7

Action                   || total
-------------------------++-------
Melee: Mace              ||    34
       Punch             ||     1
Throw: Boomerang         ||     1
Armor: Robe              ||    18
Dodge: Dodged            ||    19

Table legend: (Time is in decaauts)
 A = Elapsed time spent in this place.
 B = Non-inter-level travel time spent in this place.
 C = Inter-level travel time spent in this place.
 D = Time resting spent in this place.
 E = Time spent auto-exploring this place.
 F = Levels seen in this place.
 G = Mean time per level.
                   A        B        C        D        E       F      G
               +--------+--------+--------+--------+--------+-----+--------+
         Total |    199 |    199 |      0 |      0 |    127 |   1 |  199.0 |
       Dungeon |    199 |    199 |      0 |      0 |    127 |   1 |  199.0 |
               +--------+--------+--------+--------+--------+-----+--------+

Top non-repeatable levels by time:
     D:1: 199 daAuts
